 Dungeon Crawl Stone Soup version 0.31.0-12-g77e489cdc1 (webtiles) character file.

Game seed: 11794479915657791431

222 Silvore the Covered (level 5, -1/41 HPs)
             Began as a Demonspawn Fighter on Feb 12, 2024.
             Slain by an iguana (3 damage)
             ... on level 3 of the Dungeon.
             The game lasted 00:03:00 (2260 turns).

Silvore the Covered (Demonspawn Fighter)            Turns: 2260, Time: 00:03:01

Health: -1/41      AC: 16    Str: 18    XL:     5   Next: 66%
Magic:  5/5        EV:  9    Int:  8    God:
Gold:   111        SH:  4    Dex: 13    Spells: 4/4 levels left

rFire   . . .        a - +0 long sword
rCold   . . .        c - +0 buckler
rNeg    + . .        b - +0 scale mail
rPois   .            (no helmet)
rElec   .            (no cloak)
rCorr   .            (no gloves)
SInv    .            (no boots)
Will    .....        f - amulet of faith Stlth
                     g - ring of positive energy
HPRegen 0.26/turn    (no ring)
MPRegen 0.09/turn

%: faith
@: sanguine armoured
A: hooves 1, ignite blood 1, sanguine armour 2
a: no special abilities


You were on level 3 of the Dungeon.
You visited 1 branch of the dungeon, and saw 5 of its levels.

You collected 111 gold pieces.

Inventory:

Hand Weapons
 a - a +0 long sword (weapon)
Armour
 b - a +0 scale mail (worn)
 c - a +0 buckler (worn)
Jewellery
 f - an amulet of faith (around neck)
 g - a ring of positive energy (left hand)
 h - a ring of wizardry
 l - an amulet of regeneration
Scrolls
 e - 2 scrolls of revelation
 k - a scroll of identify
Potions
 d - 2 potions of might
 i - a potion of heal wounds {unknown}
 j - 2 potions of cancellation


   Skills:
 + Level 3.6 Fighting
 + Level 3.3 Long Blades
 + Level 4.2 Armour
 + Level 1.0 Dodging
 + Level 3.1 Shields


You had 4 spell levels left.
You didn't know any spells.
Your spell library contained the following spells:

 Spells                   Type           Power      Damage    Failure   Level
 Mercury Vapours          Alch/Air       0%         N/A       94%         2
 Mephitic Cloud           Conj/Alch/Air  0%         N/A       99%         3
 Freezing Cloud           Conj/Ice/Air   0%         6-21      100%        5


Dungeon Overview and Level Annotations

Branches:
Dungeon (5/15)
 Temple: D:4-7

Altars:
Nemelex Xobeh

Annotations:
D:3 3 runed translucent doors, knightboat's ghost, amateur FoFi
D:5 Blork the orc


Innate Abilities, Weirdness & Mutations

You have large cloven feet.
Your demonic aura sometimes causes spilled blood to erupt in flames.
When seriously injured, your blood forms thick armour. (AC +9)


Message History

Ijyb is severely wounded.
The iguana bites you but does no damage.
Ijyb hits you but does no damage.
You barely miss Ijyb. Your kick misses Ijyb.
Ijyb is severely wounded.
You block the iguana's attack.
Ijyb zaps a wand.
You barely resist. You hit Ijyb.
Ijyb is almost dead.
The iguana bites you. Ijyb hits you but does no damage.
You closely miss Ijyb. You kick Ijyb, but do no damage.
Ijyb is almost dead.
The iguana barely misses you.
Ijyb zaps a wand.
Your mind is blasted!
* * * LOW HITPOINT WARNING * * *
Ijyb hits you with a +0 club.
* * * LOW HITPOINT WARNING * * *
The iguana bites you but does no damage.
You hit Ijyb.
You kill Ijyb!
The iguana closely misses you.
Your Dodging skill increases to level 1!
The iguana bites you.
* * * LOW HITPOINT WARNING * * *
Things that are here:
a +0 club; a +0 leather armour; a wand of mindburst (10)
You closely miss the iguana. You kick the iguana.
The iguana is lightly wounded.
The iguana bites you!
* * * LOW HITPOINT WARNING * * *
You hit the iguana but do no damage. You kick the iguana.
The iguana is heavily wounded.
The iguana barely misses you.
You barely miss the iguana. You kick the iguana, but do no damage.
The iguana is heavily wounded.
A giant cockroach comes into view.
The iguana bites you but does no damage.
You block the iguana's attack.
You hit the iguana.
The iguana is heavily wounded.
The iguana bites you.
You die...

#####....... #.
........ #. ##....#
#.##)....##
#####......†..#
#.............#
#........####.#########
#.....l)## ##.........
######@## ##........
#B# ###...... #.#
#...... #.. #...... ##.
##..... ## #....#
####.) ###


You could see an iguana and a giant cockroach.

Vanquished Creatures
  An orc priest (D:3)
  A hound (D:4)
  Ijyb (D:3)
  An orc wizard (D:3)
  3 adders (D:3)
  4 dart slugs
  8 orcs (D:3)
  5 ball pythons
  6 bats
  6 endoplasms
  A giant cockroach (D:3)
  7 goblins
  6 hobgoblins
  7 jackals (D:1)
  3 quokkas
  2 frilled lizards
  5 kobolds
  2 rats (D:1)
69 creatures vanquished.

Notes
Turn   | Place    | Note
-------+----------+-------------------------------------------
     0 | D:1      | Silvore the Demonspawn Fighter began the quest for the Orb.
     0 | D:1      | Reached XP level 1. HP: 18/18 MP: 1/1
   146 | D:1      | Gained mutation: Your demonic aura sometimes causes spilled
                  | blood to erupt in flames. [demonic ancestry]
   146 | D:1      | Reached XP level 2. HP: 24/24 MP: 2/2
   267 | D:1      | Reached skill level 3 in Armour
   525 | D:1      | Gained mutation: You have large cloven feet. [demonic
                  | ancestry]
   525 | D:1      | Reached XP level 3. HP: 28/29 MP: 3/3
  1073 | D:2      | Found a sparkling altar of Nemelex Xobeh.
  1348 | D:3      | You fall into a shaft and drop 2 floors!
  1348 | D:5      | Entered Level 5 of the Dungeon
  1366 | D:5      | Noticed Blork the orc
  1386 | D:4      | Gained mutation: When seriously injured, your blood forms
                  | armour. (AC +9) [demonic ancestry]
  1386 | D:4      | Reached XP level 4. HP: 19/35 MP: 4/4
  1672 | D:3      | Gained mutation: When seriously injured, your blood forms
                  | thick armour. (AC +9) [demonic ancestry]
  1672 | D:3      | Reached XP level 5. HP: 36/41 MP: 5/5
  1827 | D:3      | Reached skill level 4 in Armour
  2234 | D:3      | Found a runed translucent gate.
  2237 | D:3      | Found a runed translucent gate.
  2237 | D:3      | Found a runed translucent gate.
  2237 | D:3      | Noticed knightboat's ghost (amateur FoFi)
  2239 | D:3      | Noticed Ijyb
  2254 | D:3      | Killed Ijyb
  2255 | D:3      | Reached skill level 1 in Dodging
  2257 | D:3      | HP: 1/41 [iguana (9)]
  2260 | D:3      | Slain by an iguana

Illustrated notes

Levels and vault maps discovered:
D:1:      grunt_arrival_crossed_arrows, layout_loops_ring, grunt_decor_arrowhead
D:2:      layout_rooms, basic_altar
D:3:      layout_basic, riverfiend_overflow_shadow_ancestor,
          gammafunk_ghost_nasty_kobolds, uniq_ijyb
D:4:      layout_basic, nicolae_overflow_hallway_of_the_gods,
          ebering_ghost_reflecting_pool, serial_corexii_hall,
          corexii_hall_statues_x, corexii_hall_statues_l,
          chequers_hall_statues_corner_a, corexii_hall_statues_t,
          corexii_hall_statues_x, corexii_hall_statues_i,
          chequers_serial_rivers_small_a
D:5:      layout_rooms, minmay_temple_entry_grid, uniq_blork_the_orc,
          uniq_sigmund

Skill      XL: |  1  2  3  4  5 |
---------------+----------------+-----
Long Blades    | 2 3 |  3.3
Armour         | 3 4 |  4.2
Shields        | 3 |  3.1
Dodging        | 1 |  1.0
Fighting       | |  3.6

Action                     |  1- 3 |  4- 6 || total
---------------------------+-------+-------++-------
  Melee: Long sword        |   128 |   122 ||   250
         Kick              |    16 |    35 ||    51
    Use: Scroll            |     4 |       ||     4
         Potion            |       |     2 ||     2
 Armour: Scale mail        |   111 |   137 ||   248
  Dodge: Dodged            |    42 |    60 ||   102
  Block: Buckler           |    33 |    33 ||    66
